 Dungeon Crawl Stone Soup version 0.01-2115-ge649c80b0b (webtiles) character file.

Game seed: 2928926920945848294, levelgen mode: deterministic

10259 Lanoc the Fighter (level 11, -8/67 HPs) Purple Draconian Demonspawn. Began on June 6, 2020. Was an Initiate of Hepliaklqana. Mangled by a large abomination (27 damage) ... on level 1 of the Abyss. The game lasted 00:22:22 (4855 turns).

Lanoc the Fighter (Purple Draconian Demonspawn)     Turns: 4855, Time: 00:22:23

Health: -8/67      AC: 11    Str: 19    XL:     11 ^: 7192
Magic:  0/15       EV: 16    Int:  9    God:    Hepliaklqana [...... (28)]
Gold:   432        SH:  0    Dex:  9    Spells: 14/15 levels left

rFire    . . .     Vision   x   x - +6 short sword (molten)
rCold    + . .     Gourm    .   s - +1 dagger (acid)
rNeg     . . .     Faith    .   (armour unavailable)
rPois    .         Spirit   +   (helmet restricted)
rElec    .         Reflect  .   v - +0 cloak
rCorr    .         Harm     .   n - +0 pair of gloves
MR       ++...     Rnd*Tele +   (no boots)
Stlth    +.........             (no amulet)
HPRegen  0.00/turn              (no ring)
MPRegen  0.25/turn              (no ring)

@: no status effects
A: no body armour, unfitting armour, reduced essence, hooves 2, stinger 1,
rugged brown scales 1, impaired vision, [clumsy 2], cold resistance 1, [dopey
2], frail 1[+2], powered by death 3, [inhibited regeneration], strong 1,
[teleportitis 2], magic shield, cold-blooded, [subdued magic 2], boosted slings
aptitude, hexes enhancer 1, MR++, AC +8
a: Breathe Dispelling Energy, Recall Ancestor, Ancestor Identity, Renounce
Religion


You were on level 1 of the Abyss.
You worshipped Hepliaklqana.
Hepliaklqana was noncommittal.
You were hungry.

You visited 1 branch of the dungeon, and saw 6 of its levels.
You visited the Abyss 1 time.

You collected 432 gold pieces.

Inventory:

Weapons
 s - a +1 dagger of caustic ooze (weapon)
 x - a +6 short sword of molten steel (weapon)
Armour
 n - a +0 pair of gloves (worn)
 q - the +3 hat of Pondering {ponderous, MR+ MP+10 Int+5}
   (You took it off Gastronok on level 4 of the Dungeon)

   It affects your intelligence (+5).
   It affects your resistance to hostile enchantments.
   It affects your magic capacity (+10).
 v - a +0 cloak (worn)
Wands
 a - a wand of disintegration (2)
 h - a wand of flame
 i - a wand of random effects (2)
 m - a wand of ensnaring (1)
 t - a wand of acid (11)
Scrolls
 e - 2 scrolls of enchantment
 f - a scroll of fog
 j - 2 scrolls of magic mapping
 l - a scroll of immolation
 o - a scroll of amnesia
 p - a scroll of blinking
Potions
 b - a potion of mutation
 g - 2 potions of magic
 k - a potion of cancellation
 u - 2 potions of resistance
 w - 2 potions of curing
Comestibles
 c - 12 rations


   Skills:
 + Level 13.5 Fighting
   Level 1.5 Long Blades
 + Level 10.0 Dodging
 - Level 1.3 Stealth
 - Level 2.6 Spellcasting
 + Level 4.4 Invocations


You had 14 spell levels left.
You knew the following spells:

 Your Spells              Type           Power        Failure   Level  Hunger
a - Flame Tongue          Fire           0 (40)       22%         1    ##.....

Your spell library contained the following spells:

 Spells                   Type           Power        Failure   Level  Hunger
 Summon Small Mammal      Summ           0 (25)       22%         1    ##.....
 Blink                    Tloc           N/A          34%         2    ###....
 Call Imp                 Summ           0 (100)      34%         2    ###....
 Slow                     Hex            1 (100)      34%         2    ###....
 Call Canine Familiar     Summ           0 (100)      58%         3    ####...
 Conjure Flame            Fire           0 (100)      58%         3    ####...
 Mephitic Cloud           Pois/Air       0 (100)      58%         3    ####...
 Summon Ice Beast         Ice/Summ       0 (100)      95%         4    #####..
 Summon Lightning Spire   Summ/Air       0 (100)      100%        5    ######.


Dungeon Overview and Level Annotations

Branches:
Dungeon (6/8)              Temple (0/1) D:4            Lair (0/6) D:5
    Orc (0/2) D:6

Altars:
Ashenzari
Gozag
Hepliaklqana
Okawaru
Qazlal
Beogh

Shops:
D:2 *

Annotations:
D:4 3 runed translucent doors, dolemite99's ghost, novice MfSk
D:6 1 runed translucent door


Innate Abilities, Weirdness & Mutations

You cannot fit into any form of body armour.
Your rich purple scales are hard. (AC +8)
You can breathe bolts of dispelling energy.
You have hoof-like feet.
You are partially covered in rugged brown scales. (AC +1, +3% HP)
You regenerate a lot of health from kills.
When hurt, damage is shared between your health and your magic reserves.
You are cold-blooded and may be slowed by cold attacks.
You are naturally skilled at Slings (Aptitude +3).
You are in touch with the powers of hexes.
Your rich purple scales protect you from hostile magic. (MR++)
Your life essence is reduced to manifest your ancestor. (-10% HP)
Your tail ends in a poisonous barb.
Your poor vision makes scrolls take longer to read and aiming more difficult.
You are cold resistant. (rC+)
You are strong. (Str +2)
[You are very clumsy. (Dex -4)]
[You are very dopey. (Int -4)]
[You are extremely frail. (-30% HP)]
[You do not regenerate when monsters are visible.]
[You are sometimes teleported next to monsters.]
[Your spells are easier to cast, but less powerful.]


Message History

Synnove is destroyed!
You are covered in liquid flames!
You are covered in liquid flames!
You hit the large abomination (2). You burn the large abomination (2).
The large abomination is severely damaged. (18/47) HP You hit the large abomination but do no damage.
The large abomination is splashed with acid (3).
You kick the large abomination, but do no damage.
The large abomination is severely damaged. (15/47) HP You are covered in liquid flames!
* * * LOW HITPOINT WARNING * * *
The large abomination misses you (0).
Unknown command.
You feel much better.
You are covered in liquid flames!
The large abomination hits you (14)!
* * * LOW HITPOINT WARNING * * *
The ynoxinul gestures.
The large abomination hits you (30)!!
You die...

#.ยง #.. ## ..
#.# #.## ##
#..### .#.# # #
##.5##...# .# ###
##...#..# . ##
..# #535@x##
.....## ##55#X.#
.# .#. ....##..##
# #. .##
#.#3#...3..# #.#
#....#....##.....
.. ...#.# #.....
.###
####....#....#..
# .#.#.##.##..# #
#..#...# ..


You could see a large abomination, a smoke demon, a ynoxinul, a small
abomination and 5 ufetubi.

Vanquished Creatures
  Gastronok (D:4)
  A two-headed ogre (D:5)
  A large abomination (Abyss:1)
  Maurice (D:5)
  2 trolls (D:5)
  A hornet (D:4)
  Prince Ribbit (D:3)
  A hippogriff (D:5)
  A vampire (D:5)
  10 yaks (D:5)
  A hungry ghost (D:5)
  3 necrophages
  3 orc warriors
  An ice beast (D:5)
  A small abomination (Abyss:1)
  2 sky beasts (D:5)
  3 porcupines (D:5)
  5 ogres
  2 black bears (D:5)
  A crocodile (D:2)
  A big kobold (D:2)
  6 bullfrogs
  2 scorpions (D:5)
  5 wights (D:5)
  2 crimson imps (D:3)
  3 hounds
  2 orc priests (D:5)
  7 jellies
  2 iguanas (D:3)
  5 orc wizards
  5 worker ants
  A wyvern skeleton (D:4)
  3 bullfrog zombies (D:4)
  13 adders
  6 bullfrog skeletons
  8 gnolls
  2 shadow imps
  14 sewer rats (D:2)
  A white imp (D:4)
  2 cinder newts (D:2)
  3 worms
  A hound zombie (D:5)
  3 oozes (D:2)
  2 leopard geckos
  32 orcs
  5 giant cockroaches
  6 goblins
  A hobgoblin (D:1)
  3 jackals (D:4)
  3 quokkas (D:3)
  5 ball pythons
  3 bats
  A hobgoblin skeleton (D:2)
  8 kobolds
  A kobold skeleton (D:2)
  2 rats
  A withered plant (D:2)
212 creatures vanquished.

Vanquished Creatures (collateral kills)
  A kobold demonologist (D:6)
  An orc warrior (D:6)
  An orc priest (D:6)
  An iguana (D:6)
  2 orcs (D:6)
6 creatures vanquished.

Vanquished Creatures (others)
  An ancestor (Abyss:1)
  An orc wizard (D:5)
  An orc (D:5)
  A bat (D:2)
  A kobold (D:2)
  6 withered plants (D:2)
11 creatures vanquished.

Grand Total: 229 creatures vanquished

Notes
Turn   | Place    | Note
-------+----------+-------------------------------------------
     0 | D:1      | Lanoc the Immature Draconian Demonspawn began the quest for
                  | the Orb.
     0 | D:1      | Reached XP level 1. HP: 18/18 MP: 4/4
    92 | D:2      | Found Cenn's General Store.
    95 | D:2      | Gained mutation: You have large cloven feet. [demonic
                  | ancestry]
    95 | D:2      | Reached XP level 2. HP: 25/25 MP: 5/5
   123 | D:2      | HP: 1/25 [cinder newt (3)]
   124 | D:2      | Reached skill level 3 in Fighting
   332 | D:2      | Gained mutation: You are cold resistant. (rC+) [potion of
                  | mutation]
   332 | D:2      | Gained mutation: [You are frail. (-10% HP)] [potion of
                  | mutation]
   332 | D:2      | Gained mutation: You are strong. (Str +2) [potion of
                  | mutation]
   332 | D:2      | Gained mutation: Your tail ends in a poisonous barb.
                  | [potion of mutation]
   339 | D:2      | Gained mutation: You regenerate a little health from kills.
                  | [demonic ancestry]
   339 | D:2      | Reached XP level 3. HP: 22/27 MP: 0/7
   362 | D:2      | Gained mutation: You regenerate health from kills. [demonic
                  | ancestry]
   362 | D:2      | Reached XP level 4. HP: 27/36 MP: 5/8
   368 | D:2      | Reached skill level 4 in Fighting
   488 | D:2      | Noticed a crocodile
   498 | D:2      | Killed a crocodile
   498 | D:2      | Gained mutation: When hurt, damage is shared between your
                  | health and your magic reserves. [demonic ancestry]
   498 | D:2      | Reached XP level 5. HP: 8/42 MP: 3/9
   653 | D:2      | Reached skill level 5 in Fighting
   670 | D:2      | Reached XP level 6. HP: 48/50 MP: 0/10
  1320 | D:3      | Found a stormy altar of Qazlal.
  1329 | D:3      | Noticed Prince Ribbit
  1366 | D:3      | Reached skill level 6 in Fighting
  1370 | D:3      | Killed Prince Ribbit
  1370 | D:3      | Your scales start taking on a rich purple colour.
  1370 | D:3      | Reached XP level 7. HP: 25/57 MP: 3/11
  1370 | D:3      | Gained mutation: You are partially covered in rugged brown
                  | scales. (AC +1, +3% HP) [demonic ancestry]
  1370 | D:3      | Gained mutation: Your rich purple scales protect you from
                  | hostile magic. (MR++) [Purple Draconian growth]
  1370 | D:3      | Gained mutation: You are in touch with the powers of hexes.
                  | [Purple Draconian growth]
  1485 | D:3      | Reached skill level 5 in Dodging
  1504 | D:3      | Reached skill level 7 in Fighting
  1537 | D:3      | Found an opulent altar of Gozag.
  1827 | D:3      | Found an iron altar of Okawaru.
  2054 | D:4      | Noticed Gastronok
  2056 | D:4      | Found a staircase to the Ecumenical Temple.
  2060 | D:4      | Gained mutation: You have hoof-like feet. [demonic
                  | ancestry]
  2060 | D:4      | Reached XP level 8. HP: 54/68 MP: 9/12
  2425 | D:4      | Killed Gastronok
  2425 | D:4      | Reached skill level 10 in Fighting
  2425 | D:4      | Reached XP level 9. HP: 77/79 MP: 8/13
  2769 | D:4      | Found a shattered altar of Ashenzari.
  2791 | D:4      | Noticed dolemite99's ghost (novice MfSk)
  2812 | D:4      | Found a runed translucent gate.
  2813 | D:4      | Found a runed translucent gate.
  2814 | D:4      | Found a runed translucent gate.
  2855 | D:5      | Entered Level 5 of the Dungeon
  2858 | D:5      | Reached skill level 11 in Fighting
  2977 | D:5      | Gained mutation: You are naturally skilled at Slings
                  | (Aptitude +3). [draconic bloodline]
  2977 | D:5      | Gained mutation: You regenerate a lot of health from kills.
                  | [demonic ancestry]
  2977 | D:5      | Reached XP level 10. HP: 81/89 MP: 11/14
  3204 | D:5      | Noticed a two-headed ogre
  3521 | D:5      | Reached skill level 12 in Fighting
  3537 | D:5      | Found a staircase to the Lair.
  3722 | D:5      | Gained mutation: Your poor vision makes scrolls take longer
                  | to read and aiming more difficult. [an orc warrior]
  3793 | D:5      | Noticed Maurice
  4149 | D:5      | Killed a two-headed ogre
  4189 | D:5      | Reached skill level 13 in Fighting
  4189 | D:5      | Reached XP level 11. HP: 75/98 MP: 11/15
  4380 | D:5      | Killed Maurice
  4419 | D:6      | Found a hazy altar of Hepliaklqana.
  4488 | D:6      | Became a worshipper of Hepliaklqana the Forgotten
  4521 | D:6      | Found a runed translucent gate.
  4626 | D:6      | Reached skill level 10 in Dodging
  4668 | D:6      | Found a roughly hewn altar of Beogh.
  4668 | D:6      | Found a staircase to the Orcish Mines.
  4690 | D:6      | Cast into level 1 of the Abyss (orc)
  4735 | Abyss:1  | Noticed a wretched star
  4810 | Abyss:1  | Found a radiant altar of Vehumet.
  4855 | Abyss:1  | Mangled by a large abomination

Levels and vault maps discovered:
D:1:      giann_bridges, layout_loops_ring
D:2:      layout_sewer, serial_shops, nicolae_shop_statue_plus
D:3:      layout_loops_ring, okawaru_altar_gauntlet_db,
          nicolae_overflow_hidden_temple, bcadren_lemuel_inverted_doored_altar,
          first_ration, uniq_prince_ribbit1
D:4:      layout_basic, minmay_temple_entry_sparse_star,
          gammafunk_ghost_nasty_kobolds, basic_altar, uniq_gastronok
D:5:      layout_irregular_city, lair_entry_dummy, uniq_maurice
D:6:      layout_cave_pods, kennysheep_mini_moat, david_orc_5, serial_shops,
          shop, enter_bailey_3, ebering_ghost_rock_garden
Abyss:1:  base:
D:2

Skill      XL: |  1  2  3  4  5  6  7  8  9 10 11 |
---------------+----------------------------------+-----
Fighting       | 3 4 5 6 7 10 11 13 | 13.5
Dodging        | 3 4 5 7 8 9 10 | 10.0
Invocations    | 4 |  4.4
Long Blades    | |  1.5
Stealth        | |  1.3
Spellcasting   | |  2.6

Action                   |  1- 3 |  4- 6 |  7- 9 | 10-12 || total
-------------------------+-------+-------+-------+-------++-------
Melee: Long sword        |    31 |    78 |   177 |   179 ||   465
       Unarmed           |    22 |    68 |   152 |   120 ||   362
       Tailslap          |     5 |     4 |    26 |    57 ||    92
       Kick              |     5 |    35 |    78 |   135 ||   253
       Dagger            |       |       |       |   174 ||   174
       Short sword       |       |       |       |    38 ||    38
 Cast: Flame Tongue      |     5 |    45 |       |       ||    50
Invok: Recall Ancestor   |       |       |       |     1 ||     1
       Ancestor Identity |       |       |       |     1 ||     1
 Abil: Breathe Dart      |       |     3 |       |       ||     3
       Breathe Dispellin |       |       |     8 |    14 ||    22
Evoke: Wand              |       |       |       |     2 ||     2
  Use: Potion            |     1 |       |     1 |     5 ||     7
       Scroll            |       |       |       |     2 ||     2
 Stab: Sleeping          |       |     1 |     1 |     1 ||     3
  Eat: Chunk             |       |     4 |     8 |    13 ||    25
Armor: Skin              |     6 |    13 |    83 |   108 ||   210
Dodge: Dodged            |    29 |    92 |   206 |   293 ||   620
       Rpst.: Long sword |    11 |    22 |    64 |    61 ||   158
       Unarmed           |    13 |    26 |    58 |    30 ||   127
       Dagger            |       |       |       |    24 ||    24
